 Dungeon Crawl Stone Soup version 0.28-a0-479-g5baa6b73be (webtiles) character file.

Game seed: 5383759013801633511

30 dolemite99 the Chopper (level 3, -5/31 HPs)
             Began as a Hill Orc Abyssal Knight on Sept 19, 2021.
             Was a Believer of Lugonu.
             Slain by an ogre (11 damage)
             ... on level 2 of the Dungeon.
             The game lasted 00:02:06 (2378 turns).

dolemite99 the Chopper (Hill Orc Abyssal Knight)    Turns: 2378, Time: 00:02:06

Health: -5/31      AC:  5    Str: 15    XL:     3   Next: 18%
Magic:  4/4        EV: 11    Int: 12    God:    Lugonu [**....]
Gold:   50         SH:  0    Dex: 10    Spells: 2/2 levels left

rFire   . . .      SeeInvis .   a - +1 hand axe
rCold   . . .      Faith    .   (no shield)
rNeg    . . .      Spirit   .   b - +0 leather armour
rPois   .          Reflect  .   i - +0 helmet
rElec   .          Harm     .   (no cloak)
rCorr   .          Rampage  .   e - +0 pair of gloves
Will    .....                   (no boots)
Stlth   +.........              (no amulet)
HPRegen 0.10/turn               (no ring)
MPRegen 0.09/turn               (no ring)

@: no status effects
A: no striking features
a: Renounce Religion, Depart the Abyss, Bend Space


You were on level 2 of the Dungeon.
You worshipped Lugonu.
Lugonu was pleased with you.
You visited 1 branch of the dungeon, and saw 2 of its levels.
You visited the Abyss 1 time.

You collected 50 gold pieces.

Inventory:

Hand Weapons
 a - a +1 hand axe (weapon)
Missiles
 c - 18 sling bullets
 f - 80 stones
Armour
 b - a +0 leather armour (worn)
 e - a +0 pair of gloves (worn)
 i - a +0 helmet (worn)
 o - a +0 scale mail
Scrolls
 d - a scroll of enchant armour {unknown}
 h - a scroll of identify {unknown}
 k - a scroll of blinking {unknown}
 m - a scroll of amnesia {unknown}
Potions
 g - a potion of curing {unknown}
 j - a potion of attraction {unknown}
 n - a potion of mutation {unknown}


   Skills:
 - Level 3.6 Fighting
 + Level 4.7 Axes
 - Level 2.1 Armour
 - Level 0.7 Dodging
 - Level 2.4 Invocations


You had 2 spell levels left.
You didn't know any spells.
Your spell library contained the following spells:

 Spells                   Type           Power      Damage    Failure   Level
 Sandblast                Erth           0%         2d4       38%         1
 Passwall                 Tmut/Erth      0%         N/A       52%         2
 Stone Arrow              Conj/Erth      0%         3d7       77%         3


Dungeon Overview and Level Annotations

Branches:
Dungeon (2/15)

Altars:


Message History

You kill the endoplasm!
Lugonu accepts your kill.
No target in view!
No target in view!
Found a scale mail.
You see here a +0 scale mail.
An ogre comes into view. It is wielding a +0 giant club.
The ogre shouts!
There are no items here.
You see here a +0 scale mail.
o - a +0 scale mail An adder comes into view.
The ogre hits you with a +0 giant club!!
Ouch! That really hurt!
It was a potion of heal wounds.
You feel much better. The ogre barely misses you.
You completely miss the ogre. The ogre completely misses you.
You hit the ogre.
The ogre is lightly wounded.
You hit the ogre.
The ogre is moderately wounded.
The ogre closely misses you.
You hit the ogre.
The ogre is moderately wounded.
The ogre hits you with a +0 giant club!
You hit the ogre.
The ogre is heavily wounded.
The ogre hits you with a +0 giant club.
You feel much better. The ogre barely misses you.
You hit the ogre.
The ogre is severely wounded.
You hit the ogre.
The ogre is severely wounded.
The ogre hits you with a +0 giant club!!
Ouch! That really hurt!
* * * LOW HITPOINT WARNING * * *
You hit the ogre.
The ogre is almost dead.
The ogre hits you with a +0 giant club!
You die...

##### ##### #...# #...#
#...# #...# #...#
###...###...######
.†....'.......†.>#
###...###...####.# #...#
#...# #@# ######## #####
########O# #.S....#
#.....# #.####.# #.#####
#.# #.# #.#
########.#############.#
#....................#.#
#........###########.#.###
#........# #.#...#


You could see an ogre.

Vanquished Creatures
  A worm (D:1)
  A dart slug (D:1)
  2 ball pythons (D:2)
  4 endoplasms
  2 giant cockroaches (D:2)
  3 goblins (D:2)
  A hobgoblin (D:1)
  A bat (D:2)
  6 kobolds
  3 rats
24 creatures vanquished.

Notes
Turn   | Place    | Note
-------+----------+-------------------------------------------
     0 | Abyss:1  | dolemite99 the Hill Orc Abyssal Knight began the quest for
                  | the Orb.
     0 | Abyss:1  | Reached XP level 1. HP: 19/19 MP: 2/2
    10 | D:1      | Escaped the Abyss
    53 | D:1      | You fall into a shaft and drop 1 floor!
   114 | D:1      | Reached skill level 3 in Axes
   616 | D:1      | Reached XP level 2. HP: 26/26 MP: 3/3
  1376 | D:1      | Reached skill level 4 in Axes
  1673 | D:1      | Found a faded altar of an unknown god.
  2144 | D:2      | Reached XP level 3. HP: 31/31 MP: 4/4
  2267 | D:2      | Reached ** piety under Lugonu
  2328 | D:2      | Noticed an ogre
  2378 | D:2      | Slain by an ogre

Illustrated notes

Levels and vault maps discovered:
D:1:      matt_arrival_spirals, layout_basic,
          dilly_ecumenical_altar_fadedgnrine, lemuel_flame_loot_1
D:2:      layout_basic

Skill      XL: |  1  2 |
---------------+-------+-----
Axes           | 3 4 |  4.7
Fighting       | |  3.6
Armour         | |  2.1
Dodging        | |  0.7
Invocations    | |  2.4

Action                   || total
-------------------------++-------
Melee: Hand axe          ||    65
  Use: Potion            ||     2
Armor: Leather armour    ||    14
Dodge: Dodged            ||    39

Table legend: (Time is in decaauts)
 A = Elapsed time spent in this place.
 B = Non-inter-level travel time spent in this place.
 C = Inter-level travel time spent in this place.
 D = Time resting spent in this place.
 E = Time spent auto-exploring this place.
 F = Levels seen in this place.
 G = Mean time per level.
                   A        B        C        D        E       F      G
               +--------+--------+--------+--------+--------+-----+--------+
         Total |   2384 |   2361 |     23 |    812 |   1202 |   3 |  794.7 |
       Dungeon |   2374 |   2351 |     23 |    812 |   1198 |   2 | 1187.0 |
         Abyss |     10 |     10 |      0 |      0 |      4 |   1 |   10.0 |
               +--------+--------+--------+--------+--------+-----+--------+

Top non-repeatable levels by time:
     D:1: 1903 daAuts
     D:2: 470 daAuts
 Abyss:1: 10 daAuts
